 Dungeon Crawl Stone Soup version 0.17.2-1-ge4368a0 (webtiles) character file.

8183 TheWearerOfSilk the Martial Artist (level 11, -8/89 HPs)
             Began as a Mummy Monk on Apr 29, 2017.
             Killed from afar by a gargoyle (11 damage)
             ... with a stone arrow
             ... in a labyrinth.
             The game lasted 00:24:12 (14762 turns).

TheWearerOfSilk the Martial Artist (Mummy Monk)    Turns: 14762, Time: 00:24:12

Health: -8/89      AC: 14    Str: 14    XL:     11   Next: 6%
Magic:  11/11      EV: 21    Int: 10    God:
Gold:   354        SH:  5    Dex: 18    Spells: 0 memorised, 10 levels left

rFire  x . .     SeeInvis .       - Unarmed
rCold  + . .     Clarity  .     (no armour)
rNeg   + + +     SustAt   .     f - +0 buckler {AC+3}
rPois  ∞         Gourm    .     i - +1 helmet
rElec  .         Spirit   .     m - +1 cloak
rCorr  .         Warding  .     A - +1 pair of gloves
rMut   .         Stasis   .     b - +1 pair of boots
MR     +....                    (no amulet)
Stlth  +++.......               l - +3 ring of evasion
                                q - +3 ring of protection

@: somewhat resistant to hostile enchantments, fairly stealthy
A: no food or potions, fire vulnerability, cold resistance 1, negative energy
resistance 3, torment resistance, unbreathing
a: no special abilities


You were in a labyrinth.
You were not hungry.

You visited 2 branches of the dungeon, and saw 13 of its levels.
You also visited: Labyrinth and Bailey.

You collected 650 gold pieces.
You spent 296 gold pieces at shops.


Innate Abilities, Weirdness & Mutations

You do not eat or drink.
Your flesh is vulnerable to fire.
You are immune to poison.
Your flesh is cold resistant.
You are immune to negative energy.
You are immune to unholy pain and torment.
You can survive without breathing.


   Skills:
 - Level 9.1 Fighting
 - Level 7.4 Dodging
 - Level 3.5 Stealth
 - Level 4.1 Shields
 + Level 9.7 Unarmed Combat


You had 10 spell levels left.
You didn't know any spells.

Inventory:

Hand Weapons
 g - a +0 club
Armour
 b - a +1 pair of boots (worn)
 f - a +0 buckler of protection (worn)
 i - a +1 helmet (worn)
 k - a +2 buckler
 m - a +1 cloak (worn)
 u - a +0 large shield
 x - a +1 crystal plate armour
 A - a +1 pair of gloves (worn)
Jewellery
 l - a +3 ring of evasion (right hand)
 o - an uncursed ring of positive energy
 p - an uncursed ring of magical power
 q - a +3 ring of protection (left hand)
 w - an uncursed ring of protection from magic
Scrolls
 a - 3 scrolls of remove curse
 c - 2 scrolls of recharging
 d - a scroll of teleportation {@r4}
 e - 3 scrolls of blinking
 h - 2 scrolls of immolation {!r}
 j - 3 scrolls of amnesia (quivered)
 n - 2 scrolls of random uselessness
 r - a scroll of fear
 s - 2 scrolls of fog
 t - a scroll of enchant weapon {unknown}
 v - a scroll of holy word {!r}
 y - a scroll of magic mapping {unknown}
 z - a scroll of summoning {unknown}
 B - a scroll of identify {@r1}

Dungeon Overview and Level Annotations

Branches:
Dungeon (11/15)            Temple (0/1) D:7            Lair (2/8) D:10
    Orc: D:9-12

Altars:
Nemelex Xobeh
The Shining One

Shops:
D:4 [   D:8 [   D:9 :[

Annotations:
D:5 War
D:7 Joseph
D:9 exclusions: adder and deep elf priest
D:10 Unseen
Lair:1 Gastronok

. . ▒ ...▒.
▒. .... ▒ ▒
▒.▒▒.PP
....P▒▒ ▒ ▒
▒...P▒ .▒
▒..£P▒ . ▒ ▒
▒ ▒▒..P▒ . ▒
▒ ▒.MP▒▒▒P..
. ▒
▒▒▒▒8PPPPP.▒▒
. ..
...........▒
▒ ▒ .
.▒▒▒.▒▒▒▒▒.▒
. .▒.▒ ..▒ ▒
▒.▒.▒ ▒▒ . .
▒


You could see a gargoyle.


Message History

The gargoyle is heavily damaged!
You barely miss the gargoyle!
The gargoyle is heavily damaged!
The gargoyle hurls a stone arrow at you!
The stone arrow misses you!
You pulverise the gargoyle!
The gargoyle is severely damaged!
The gargoyle hurls a stone arrow at you!
The stone arrow misses you!
You pummel the gargoyle but do no damage!
The gargoyle is severely damaged!
The gargoyle hurls a stone arrow at you!
The stone arrow hits you!!! * * * don't die
* * * You take 16 damage, and have 11/89 hp!
You pummel the gargoyle like a punching bag!
The gargoyle is severely damaged!
The gargoyle hits you with a mace of crushing!!! * * * don't die * * * x2
You take 9 damage, and have 2/89 hp!
You closely miss the gargoyle!
The gargoyle is severely damaged!
You completely miss the gargoyle!
The gargoyle is severely damaged!
The gargoyle barely misses you!
You barely miss the gargoyle!
The gargoyle is severely damaged!
The gargoyle hurls a stone arrow at you!
The stone arrow hits you!!! rip

Action                   |  1- 3 |  4- 6 |  7- 9 | 10-12 || total
-------------------------+-------+-------+-------+-------++-------
Melee: Unarmed           |    93 |   303 |   957 |   541 ||  1894
  Use: Scroll            |       |     1 |    10 |     2 ||    13
 Stab: Sleeping          |     1 |     8 |     2 |     2 ||    13
       Distracted        |       |     2 |       |     2 ||     4

Vault maps used:
D:1:      dpeg_arrival_rooms_b
D:2:      uniq_jessica, uniq_iyjb
D:4:      tso_metal_star, serial_shops, nicolae_shop_overgrown_old_shop
D:5:      first_bread, uniq_menkaure
D:6:      minmay_stone_trees_medium
D:7:      temple_statues, the_bakery, minivault_19, uniq_prince_ribbit1,
          uniq_joseph
D:8:      kennysheep_windowed_halls, serial_shops, shop, enter_bailey_3
D:9:      serial_shops, kennysheep_little_box, shop_coins,
          david_defended_altar_elf
D:10:     erik_lair_orcish_takeover, grunt_decor_fettered
D:11:     enter_trove_2, kennysheep_generic_room_7
Lair:1:   zaba_anthole, grunt_megastairs_3, uniq_gastronok
Lair:2:   lab_entry_generic, serial_bayou_pond_b
Lab:      labyrinth_mini_lab, nicolae_lab_swirl, lab_hedge, nicolae_lab_diamond
Bailey:   bailey_polearm_gnolls_kennysheep, bailey

Notes
Turn   | Place    | Note
--------------------------------------------------------------
     0 | D:1      | TheWearerOfSilk the Mummy Monk began the quest for the Orb.
     0 | D:1      | Reached XP level 1. HP: 18/18 MP: 1/1
   597 | D:1      | Reached XP level 2. HP: 20/24 MP: 2/2
  1011 | D:1      | Reached skill level 4 in Unarmed Combat
  1143 | D:1      | Reached XP level 3. HP: 26/29 MP: 3/3
  1739 | D:2      | Noticed Jessica
  1753 | D:2      | Killed Jessica
  1753 | D:2      | Reached XP level 4. HP: 24/35 MP: 4/4
  2200 | D:2      | Noticed Ijyb
  2237 | D:2      | Killed Ijyb
  2237 | D:2      | Reached skill level 5 in Unarmed Combat
  2698 | D:3      | Reached XP level 5. HP: 39/41 MP: 5/5
  2741 | D:3      | Reached skill level 1 in Shields
  3030 | D:3      | Reached skill level 2 in Shields
  3330 | D:4      | Noticed an ogre
  3363 | D:4      | Found a glowing golden altar of the Shining One.
  3573 | D:4      | Reached XP level 6. HP: 32/47 MP: 6/6
  3743 | D:4      | Reached skill level 3 in Shields
  4008 | D:4      | Found Gass's Antique Armour Shop.
  4017 | D:4      | Bought a runed cloak for 139 gold pieces
  4081 | D:4      | Killed an ogre
  4081 | D:4      | Reached skill level 4 in Shields
  4535 | D:5      | Entered Level 5 of the Dungeon
  4582 | D:5      | Noticed Menkaure
  4599 | D:5      | Killed Menkaure
  4599 | D:5      | Reached skill level 4 in Fighting
  4599 | D:5      | Reached XP level 7. HP: 26/55 MP: 7/7
  4891 | D:5      | Reached skill level 5 in Fighting
  5202 | D:5      | Reached skill level 6 in Fighting
  5705 | D:6      | Reached skill level 7 in Fighting
  5705 | D:6      | Reached XP level 8. HP: 51/67 MP: 8/8
  6466 | D:6      | Reached skill level 6 in Unarmed Combat
  7141 | D:6      | Reached skill level 7 in Unarmed Combat
  7185 | D:7      | Reached skill level 3 in Dodging
  7276 | D:7      | Noticed Prince Ribbit
  7808 | D:6      | Reached skill level 4 in Dodging
  7808 | D:6      | Reached XP level 9. HP: 56/72 MP: 9/9
  7832 | D:6      | Killed Prince Ribbit
  8235 | D:7      | Found a staircase to the Ecumenical Temple.
  8362 | D:7      | Noticed Joseph
  8545 | D:8      | Reached skill level 8 in Unarmed Combat
  8797 | D:8      | Found a flagged portal.
  8824 | Bailey   | Entered a bailey
  9406 | Bailey   | Reached skill level 9 in Unarmed Combat
 10548 | D:8      | Found Keung's Antique Armour Shoppe.
 10747 | D:8      | Noticed a moth of wrath
 10772 | D:8      | Reached skill level 8 in Fighting
 10772 | D:8      | Reached XP level 10. HP: 60/80 MP: 10/10
 10925 | D:8      | Noticed a death drake
 10952 | D:8      | a death drake changed into a komodo dragon
 10955 | D:8      | Noticed a mana viper
 10955 | D:8      | a komodo dragon changed into a mana viper
 10972 | D:8      | Killed a mana viper
 10972 | D:8      | Reached skill level 5 in Dodging
 11242 | D:8      | Reached skill level 6 in Dodging
 11519 | D:8      | Reached skill level 7 in Dodging
 12397 | D:9      | Reached skill level 9 in Fighting
 12418 | D:9      | Found a sparkling altar of Nemelex Xobeh.
 12552 | D:9      | Found Purod's Book Shoppe.
 12587 | D:9      | Reached skill level 2 in Stealth
 12836 | D:9      | Found Codiaz's Antique Armour Emporium.
 12841 | D:9      | Bought a pair of embroidered gloves for 157 gold pieces
 12988 | D:10     | Entered Level 10 of the Dungeon
 13049 | D:10     | Reached skill level 3 in Stealth
 13315 | D:10     | You fall through a shaft!
 13439 | D:10     | Reached XP level 11. HP: 70/89 MP: 11/11
 14096 | D:10     | Found a staircase to the Lair.
 14105 | Lair:1   | Entered Level 1 of the Lair of Beasts
 14146 | Lair:1   | Noticed Gastronok
 14179 | Lair:2   | Found a labyrinth entrance.
 14184 | Lab      | Entered a labyrinth
 14759 | Lab      | HP: 4/89 [gargoyle/mace of crushing (7)]
 14762 | Lab      | Killed from afar by a gargoyle

Vanquished Creatures
  A mana viper (shapeshifter) (D:8)
  2 two-headed ogres
  Prince Ribbit (D:6)
  A trapdoor spider zombie (D:9)
  A deep elf mage (D:9)
  A wraith (D:10)
  2 yaks (D:8)
  Menkaure (D:5)
  A water moccasin (D:6)
  2 wargs (D:10)
  2 ice beasts
  2 sky beasts
  A black bear (D:9)
  3 phantoms
  4 orc warriors
  2 necrophages
  6 ogres
  A centaur (D:10)
  8 giant frogs
  A wyvern zombie (D:7)
  An earth elemental (Lab)
  8 gnoll sergeants
  A scorpion (D:8)
  A water moccasin skeleton (D:8)
  12 killer bees
  11 wights
  2 giant frog zombies
  An orc priest (D:6)
  5 crimson imps
  A centaur zombie (D:7)
  A quasit (D:5)
  2 centaur skeletons
  6 hounds
  A wasp zombie (D:8)
  Ijyb (D:2)
  A giant frog skeleton (D:8)
  6 gnoll shamans
  4 jellies
  Jessica (D:2)
  6 worker ants
  4 iguanas
  6 orc wizards
  A killer bee zombie (D:8)
  2 hound zombies
  25 gnolls
  A worker ant zombie (D:9)
  18 adders
  A river rat (Lair:2)
  3 shadow imps
  An ooze (D:2)
  2 adder skeletons
  3 worms
  8 giant geckos
  25 orcs
  5 ball pythons
  6 giant cockroaches
  8 goblins
  7 hobgoblins
  17 jackals
  2 quokkas
  9 bats
  5 giant newts
  7 kobolds
  A quokka skeleton (D:7)
  9 rats
291 creatures vanquished.

Vanquished Creatures (others)
  A plant (Lab)
1 creature vanquished.

Grand Total: 292 creatures vanquished
